 Dungeon Crawl Stone Soup version 0.24.1 (webtiles) character file.

Game seed: 14755057137769898689, levelgen mode: deterministic

71 Curus the Poker (level 4, 0/39 HPs)
             Began as a Minotaur Abyssal Knight on Apr 4, 2020.
             Was a Follower of Lugonu.
             Slain by an adder (2 damage)
             ... on level 3 of the Dungeon.
             The game lasted 00:06:12 (1866 turns).

Curus the Poker (Minotaur Abyssal Knight)           Turns: 1866, Time: 00:06:12

Health: 0/39       AC:  3    Str: 15 (16) XL:     4   Next: 5%
Magic:  5/5        EV: 11    Int: 13 (14) God:    Lugonu [*.....]
Gold:   56         SH:  0    Dex:  8 (11) Spells: 3/3 levels left

rFire    . . .     SeeInvis .   a - +1 spear
rCold    . . .     Gourm    .   (no shield)
rNeg     . . .     Faith    .   b - +0 leather armour
rPois    .         Spirit   .   (helmet restricted)
rElec    .         Reflect  .   (no cloak)
rCorr    .         Harm     .   (no gloves)
MR       .....                  (no boots)
Stlth    +.........             (no amulet)
HPRegen  0.13/turn              e - +5 ring of intelligence
MPRegen  0.09/turn              (no ring)

@: no status effects
A: retaliatory headbutt, horns 2
a: Depart the Abyss, Renounce Religion


You were on level 3 of the Dungeon.
You worshipped Lugonu.
Lugonu was aware of your devotion.
You were not hungry.

You visited 1 branch of the dungeon, and saw 3 of its levels.
You visited the Abyss 1 time.

You collected 56 gold pieces.

Inventory:

Hand Weapons
 a - a +1 spear (weapon)
Armour
 b - a +0 leather armour (worn)
Jewellery
 e - a +5 ring of intelligence (left hand)
Scrolls
 d - a scroll of identify
 h - a scroll of teleportation
Potions
 f - a potion of might
Comestibles
 c - 2 rations


   Skills:
 - Level 3.6 Fighting
 + Level 4.1 Polearms
 - Level 2.4 Armour
 - Level 1.1 Dodging
 + Level 3.2 Invocations


You had 3 spell levels left.
You didn't know any spells.
Your spell library was empty.

Dungeon Overview and Level Annotations

Branches:
Dungeon (3/15)

Altars:
Zin


Innate Abilities, Weirdness & Mutations

You reflexively headbutt those who attack you in melee.
You have a pair of horns on your head.


Message History

The adder barely misses you. x2
You closely miss the adder.
The adder is moderately wounded.
The adder barely misses you. You furiously retaliate!
You headbutt the adder. You closely miss the adder.
You headbutt the adder, but do no damage.
The adder is almost dead.
The adder misses you.
You miss the adder.
The adder is almost dead.
The adder bites you.
* * * LOW HITPOINT WARNING * * *
You closely miss the adder.
The adder is almost dead.
The adder bites you.
* * * LOW HITPOINT WARNING * * *
You closely miss the adder.
The adder is almost dead.
The adder closely misses you. The adder bites you.
You die...

...#########
#...$.....#
......##<#####
#.##<..(....# #
#....(....#.# # #.
#!..(.......#
#.#.#####(###.#.##
#........!# .#.#
##...S@....# .# #
.......††...# .#
####........#
#.....(.##
#.......#
#.......#
#########


You could see an adder.

Vanquished Creatures
  An adder (D:2)
  3 worms
  3 dart slugs
  3 leopard geckos (D:1)
  2 giant cockroaches
  4 goblins
  6 hobgoblins
  2 quokkas (D:2)
  4 bats (D:2)
  3 frilled lizards
  9 kobolds
  4 rats
44 creatures vanquished.

Notes
Turn   | Place    | Note
-------+----------+-------------------------------------------
     0 | Abyss:1  | Curus the Minotaur Abyssal Knight began the quest for the
                  | Orb.
     0 | Abyss:1  | Reached XP level 1. HP: 19/19 MP: 1/1
    56 | Abyss:1  | Noticed a small abomination
    60 | Abyss:1  | Noticed a large abomination
    61 | D:1      | Escaped the Abyss
   348 | D:1      | Reached skill level 3 in Polearms
   348 | D:1      | Reached XP level 2. HP: 26/26 MP: 2/2
   463 | D:1      | Reached * piety under Lugonu
   661 | D:2      | Reached XP level 3. HP: 25/31 MP: 4/4
   799 | D:2      | Found a glowing silver altar of Zin.
  1022 | D:2      | Reached skill level 4 in Polearms
  1809 | D:3      | Reached XP level 4. HP: 34/39 MP: 5/5
  1866 | D:3      | Slain by an adder

Levels and vault maps discovered:
D:1:      dpeg_arrival_tiny_h, layout_loops_ring
D:2:      layout_basic, nicolae_overflow_crystal_walls,
          kennysheep_generic_room_7
D:3:      layout_loops_cross

Skill      XL: |  1  2  3 |
---------------+----------+-----
Invocations    | 2 3 |  3.2
Polearms       | 3 4 |  4.1
Fighting       | |  3.6
Armour         | |  2.4
Dodging        | |  1.1

Action                   |  1- 3 |  4- 6 || total
-------------------------+-------+-------++-------
Melee: Spear             |   130 |    21 ||   151
       Headbutt          |    10 |     3 ||    13
Invok: Depart the Abyss  |     1 |       ||     1
  Use: Scroll            |     5 |       ||     5
       Potion            |     4 |     1 ||     5
 Stab: Sleeping          |     1 |       ||     1
  Eat: Chunk             |     3 |       ||     3
Armor: Leather armour    |    15 |     1 ||    16
Dodge: Dodged            |    49 |     9 ||    58
